 Dungeon Crawl Stone Soup version 0.31-a0-636-ge1c0e020e0 (webtiles) character file.

Game seed: 4359845756749462390

170 cforsyth the Charlatan (level 5, -3/41 HPs)
             Began as a Gnoll Artificer on Aug 26, 2023.
             Slain by a cerulean imp
             ... wielding a +0 spear
             ... summoned by Natasha
              (5 damage)
             ... on level 3 of the Dungeon.
             The game lasted 00:04:28 (2781 turns).

cforsyth the Charlatan (Gnoll Artificer)            Turns: 2781, Time: 00:04:29

Health: -3/41      AC:  4    Str: 11    XL:     5   Next: 51%
Magic:  7/7        EV: 12    Int: 13    God:
Gold:   102        SH:  0    Dex: 12    Spells: 7/7 levels left

rFire   . . .        a - +0 club
rCold   . . .        (no shield)
rNeg    . . .        b - +0 leather armour
rPois   .            n - +0 helmet
rElec   .            (no cloak)
rCorr   .            (no gloves)
SInv    .            (no boots)
Will    .....        (no amulet)
Stlth   ++           (no ring)
HPRegen 0.26/turn    (no ring)
MPRegen 0.10/turn

%: no passive effects
@: slowed, very slow
A: fangs 1, strong nose, distributed training
a: no special abilities


You were on level 3 of the Dungeon.
You visited 1 branch of the dungeon, and saw 3 of its levels.

You collected 102 gold pieces.

Inventory:

Hand Weapons
 a - a +0 club (weapon)
Armour
 b - a +0 leather armour (worn)
 n - a +0 helmet (worn)
Jewellery
 p - a ring of ice
Wands
 c - a wand of flame (3) (quivered)
 d - a wand of charming (15)
 e - a wand of iceblast (2)
Scrolls
 h - 5 scrolls of identify {unknown}
 i - a scroll of teleportation {unknown}
 m - a scroll of blinking {unknown}
Potions
 f - a potion of degeneration {unknown}
 g - a potion of mutation {unknown}
 j - 4 potions of enlightenment {unknown}
 k - a potion of attraction {unknown}
 l - a potion of brilliance {unknown}
 o - a potion of curing {unknown}


   Skills:
 + Level 3.0 Fighting
 + Level 1.5 Short Blades
 + Level 1.5 Long Blades
 + Level 1.5 Axes
 + Level 1.5 Maces & Flails
 + Level 1.5 Polearms
 + Level 1.5 Staves
 + Level 1.5 Ranged Weapons
 + Level 1.5 Throwing
 + Level 4.8 Armour
 + Level 3.0 Dodging
 + Level 2.8 Stealth
 + Level 1.5 Shields
 + Level 1.5 Unarmed Combat
 + Level 1.5 Spellcasting
 + Level 1.2 Conjurations
 + Level 1.2 Hexes
 + Level 1.2 Summonings
 + Level 1.2 Necromancy
 + Level 1.2 Translocations
 + Level 1.2 Transmutations
 + Level 1.2 Fire Magic
 + Level 1.2 Ice Magic
 + Level 1.2 Air Magic
 + Level 1.2 Earth Magic
 + Level 1.2 Poison Magic
 + Level 1.7 Invocations
 + Level 6.7 Evocations
 + Level 1.4 Shapeshifting


You had 7 spell levels left.
You didn't know any spells.
Your spell library was empty.

Dungeon Overview and Level Annotations

Branches:
Dungeon (3/15)

Altars:
Kikubaaqudgha

Annotations:
D:3 Natasha


Innate Abilities, Weirdness & Mutations

You have very sharp teeth.
Your uncanny sense of smell can sniff out nearby items.
Your experience applies equally to all skills.


Message History

Natasha is almost dead.
Natasha closely misses you. The cerulean imp closely misses you.
The quokka bites you.
Natasha hisses.
Natasha mumbles some strange words.
The cerulean imp completely misses you. The quokka bites you.
You closely miss Natasha.
Natasha is almost dead.
Natasha casts a spell at you. The magic dart hits you!
The cerulean imp barely misses you. The quokka bites you.
The cerulean imp hits you from afar with a +2 spear.
Natasha closely misses you. The cerulean imp barely misses you.
The rat bites you.
The quokka bites you but does no damage.
Aiming: Throw Flame
Press: ? - help, Shift-Dir - straight line, f - Natasha
Aim: Natasha (almost dead, 67% to hit)
The puff of flame misses Natasha.
The cerulean imp hits you from afar with a +2 spear.
Natasha misses you. The quokka bites you.
The cerulean imp hits you with a +0 spear.
* * * LOW HITPOINT WARNING * * *
The rat bites you but does no damage.
The cerulean imp hits you from afar with a +2 spear.
* * * LOW HITPOINT WARNING * * *
The quokka misses you. Natasha claws you but does no damage.
Aiming: Throw Flame
Press: ? - help, Shift-Dir - straight line, f/p - Natasha
Aim: Natasha (almost dead, 67% to hit)
The puff of flame misses Natasha.
The cerulean imp hits you with a +0 spear.
* * * LOW HITPOINT WARNING * * *
The rat barely misses you. The quokka bites you.
* * * LOW HITPOINT WARNING * * *
The cerulean imp hits you from afar with a +2 spear!
* * * LOW HITPOINT WARNING * * *
Natasha closely misses you.
The cerulean imp hits you with a +0 spear.
You die...

# ..##.§P§.≈..#....
#.##§§§...#...#..
####.##§.....#......
#............#...#..
#.(..##.#...........
#.......##..####....
#.....### ^.# #....
#...5######..# #.#..
#.r@...[.# #..##.#.#
#.hr.###..# ...#.#.#
#..5.# .. ..#
#...### .... ..... ∆
.[### ...... .. #
....... .......


You could see Natasha, 2 cerulean imps, a quokka and a rat.

Vanquished Creatures
  Terence (D:3)
  A hound skeleton (D:3)
  Robin (D:3)
  4 adders
  An adder zombie (D:3)
  An adder skeleton (D:3)
  A dart slug (D:2)
  An orc (D:3)
  A bat zombie (D:3)
  3 endoplasms
  2 giant cockroaches (D:1)
  15 goblins
  6 hobgoblins
  7 jackals (D:2)
  2 quokkas
  5 ball pythons
  A ball python skeleton (D:3)
  6 bats
  5 frilled lizards
  7 kobolds
  2 rats (D:1)
  A rat zombie (D:3)
74 creatures vanquished.

Notes
Turn   | Place    | Note
-------+----------+-------------------------------------------
     0 | D:1      | cforsyth the Gnoll Artificer began the quest for the Orb.
     0 | D:1      | Reached XP level 1. HP: 17/17 MP: 1/1
    79 | D:1      | Reached XP level 2. HP: 10/23 MP: 2/2
   562 | D:1      | Reached XP level 3. HP: 19/28 MP: 3/3
  1144 | D:2      | Reached skill level 1 in Invocations
  1320 | D:2      | Reached skill level 1 in Short Blades
  1320 | D:2      | Reached skill level 1 in Long Blades
  1320 | D:2      | Reached skill level 1 in Axes
  1320 | D:2      | Reached skill level 1 in Maces & Flails
  1320 | D:2      | Reached skill level 1 in Polearms
  1320 | D:2      | Reached skill level 1 in Staves
  1320 | D:2      | Reached skill level 1 in Ranged Weapons
  1320 | D:2      | Reached skill level 1 in Throwing
  1320 | D:2      | Reached skill level 1 in Shields
  1320 | D:2      | Reached skill level 1 in Unarmed Combat
  1320 | D:2      | Reached skill level 1 in Spellcasting
  1475 | D:2      | Reached XP level 4. HP: 32/34 MP: 5/5
  1580 | D:2      | Reached skill level 1 in Shapeshifting
  1873 | D:3      | Reached skill level 1 in Conjurations
  1873 | D:3      | Reached skill level 1 in Hexes
  1873 | D:3      | Reached skill level 1 in Summonings
  1873 | D:3      | Reached skill level 1 in Necromancy
  1873 | D:3      | Reached skill level 1 in Translocations
  1873 | D:3      | Reached skill level 1 in Transmutations
  1873 | D:3      | Reached skill level 1 in Fire Magic
  1873 | D:3      | Reached skill level 1 in Ice Magic
  1873 | D:3      | Reached skill level 1 in Air Magic
  1873 | D:3      | Reached skill level 1 in Earth Magic
  1873 | D:3      | Reached skill level 1 in Poison Magic
  2303 | D:3      | Found an ancient bone altar of Kikubaaqudgha.
  2354 | D:3      | Noticed Robin
  2404 | D:3      | Reached XP level 5. HP: 35/40 MP: 6/6
  2414 | D:3      | Noticed Terence
  2423 | D:3      | Killed Terence
  2532 | D:3      | Killed Robin
  2767 | D:3      | Noticed Natasha
  2781 | D:3      | HP: 2/41 [cerulean imp/+2 spear[Natasha] (7)]
  2781 | D:3      | Slain by a cerulean imp

Illustrated notes

Levels and vault maps discovered:
D:1:      dpeg_arrival_leaves_temple_mockup, layout_basic, minmay_cut_off
D:2:      layout_loops_ring
D:3:      layout_rooms, lemuel_zombie_altar_kikubaaqudgha, serial_undead,
          serial_undead_c, serial_undead_f, serial_undead_f, serial_undead_f,
          serial_bayou_crossing, uniq_robin, uniq_terence, uniq_natasha

Skill      XL: |  1  2  3  4  5 |
---------------+----------------+-----
Invocations    | 1 |  1.7
Short Blades   | 1 |  1.5
Long Blades    | 1 |  1.5
Axes           | 1 |  1.5
Maces & Flails | 1 |  1.5
Polearms       | 1 |  1.5
Staves         | 1 |  1.5
Ranged Weapons | 1 |  1.5
Throwing       | 1 |  1.5
Shields        | 1 |  1.5
Unarmed Combat | 1 |  1.5
Spellcasting   | 1 |  1.5
Shapeshifting  | 1 |  1.4
Conjurations   | 1 |  1.2
Hexes          | 1 |  1.2
Summonings     | 1 |  1.2
Necromancy     | 1 |  1.2
Translocations | 1 |  1.2
Transmutations | 1 |  1.2
Fire Magic     | 1 |  1.2
Ice Magic      | 1 |  1.2
Air Magic      | 1 |  1.2
Earth Magic    | 1 |  1.2
Poison Magic   | 1 |  1.2
Fighting       | 3 |  3.0
Dodging        | 3 |  3.0
Armour         | |  4.8
Stealth        | |  2.8
Evocations     | |  6.7

Action                     |  1- 3 |  4- 6 || total
---------------------------+-------+-------++-------
  Melee: Club              |   184 |   171 ||   355
         Bite              |    15 |    17 ||    32
         Punch             |     3 |     4 ||     7
  Evoke: Wand              |       |    15 ||    15
   Stab: Sleeping          |     2 |     3 ||     5
 Armour: Leather armour    |    70 |    68 ||   138
  Dodge: Dodged            |   192 |   149 ||   341

Table legend: (Time is in decaauts)
 A = Elapsed time spent in this place.
 B = Non-inter-level travel time spent in this place.
 C = Inter-level travel time spent in this place.
 D = Time resting spent in this place.
 E = Time spent auto-exploring this place.
 F = Levels seen in this place.
 G = Mean time per level.
                   A        B        C        D        E       F      G
               +--------+--------+--------+--------+--------+-----+--------+
         Total |   2881 |   2830 |     51 |     41 |   2000 |   3 |  960.3 |
       Dungeon |   2881 |   2830 |     51 |     41 |   2000 |   3 |  960.3 |
               +--------+--------+--------+--------+--------+-----+--------+

Top non-repeatable levels by time:
     D:2: 983 daAuts
     D:3: 967 daAuts
     D:1: 930 daAuts
